 Dungeon Crawl Stone Soup version 0.28.0-53-g5a82cb258f (webtiles) character file.

Game seed: 1649041431064269219

46 Zeld the Gusty (level 3, -10/19 HPs)
             Began as a Tengu Air Elementalist on June 15, 2022.
             Mangled by a mummy (13 damage)
             ... in an ossuary.
             The game lasted 00:03:08 (1294 turns).

Zeld the Gusty (Tengu Air Elementalist)             Turns: 1294, Time: 00:03:08

Health: -10/19     AC:  2    Str:  8    XL:     3   Next: 68%
Magic:  0/8        EV: 12    Int: 15    God:
Gold:   73         SH:  0    Dex: 14    Spells: 1/7 levels left

rFire   . . .      SeeInvis .   (no weapon)
rCold   . . .      Faith    .   (no shield)
rNeg    . . .      Spirit   .   a - +0 robe
rPois   .          Reflect  .   (helmet restricted)
rElec   .          Harm     .   (no cloak)
rCorr   .          Rampage  .   (no gloves)
Will    .....                   (boots unavailable)
Stlth   +++.......              (no amulet)
HPRegen 0.06/turn               (no ring)
MPRegen 0.11/turn               (no ring)

@: marked
A: beak, talons 3, camouflage 1, dopey 1
a: no special abilities


You were in an ossuary.
You visited 1 branch of the dungeon, and saw 4 of its levels.
You also visited: Ossuary.

You collected 73 gold pieces.

Inventory:

Armour
 a - a +0 robe (worn)
Scrolls
 b - a scroll of enchant weapon {unknown}
 c - a scroll of immolation {unknown}
 e - a scroll of fear {unknown}


   Skills:
 - Level 2.1 Dodging
 - Level 2.0 Stealth
 * Level 2.7 Spellcasting
 + Level 2.3 Conjurations
 * Level 4.9 Air Magic


You had one spell level left.
You knew the following spells:

 Your Spells              Type           Power      Damage    Failure   Level
a - Shock                 Conj/Air       52%        1d6       4%          1
b - Static Discharge      Conj/Air       13%        N/A       7%          2
c - Swiftness             Air            16%        N/A       9%          3

Your spell library contained the following spells:

 Spells                   Type           Power      Damage    Failure   Level
 Airstrike                Air            8%         N/A       26%         4


Dungeon Overview and Level Annotations

Branches:
Dungeon (4/15)            Ossuary (1/1)
 Temple: D:4-7

Altars:

Shops:
D:3 ?

Annotations:
D:3 3 runed translucent doors, CG001's ghost, amateur DrBe


Innate Abilities, Weirdness & Mutations

You have a beak for a mouth.
You have claws for feet.
Your skin changes colour to match your surroundings (Stealth+).
You are dopey. (Int -2)


Message History

Unknown command.
The zap hits the mummy.
The mummy is heavily damaged.
The zap hits the human zombie.
The human zombie is heavily damaged.
Unknown command.
The zap misses the mummy.
The zap hits the human zombie.
The human zombie is heavily damaged.
The mummy barely misses you.
Unknown command.
Unknown command.
You hit the mummy but do no damage. You claw the mummy, but do no damage.
The mummy is heavily damaged.
You hit the mummy but do no damage.
The mummy is heavily damaged.
The mummy misses you.
You aren't carrying any items that you can evoke.
The zap hits the mummy.
The mummy is almost destroyed.
The zap hits the human zombie.
The human zombie is severely damaged.
Your magical contamination has completely faded away.
You hit the mummy but do no damage.
The mummy is almost destroyed.
The mummy hits you!
Ouch! That really hurt!
* * * LOW HITPOINT WARNING * * *
You hit the mummy but do no damage. Your peck misses the mummy.
The mummy is almost destroyed.
The mummy barely misses you.
You see here a viscous puce potion.
You see here a scroll labelled TEOG WORCHAKHLESHRUNI.
e - a scroll labelled TEOG WORCHAKHLESHRUNI
Okay, then.
It was a potion of mutation.
You feel extremely strange.
You feel stupid.
Your skin functions as natural camouflage.
The mummy hits you!
Ouch! That really hurt!
You die...

### ###.### #####
.!?.! ## #!.@# !.! .?
#?M!# #.# ?M ##Z##
#.# ^# ###.# ###'###
.# #.'M## ##.....##
##.+
###..###.......###..#
+...#.........#...+
#...'....⌠....+...#
+...#^........#...+


You could see 2 mummies and a human zombie.

Vanquished Creatures
  2 mummies (Ossuary)
  An adder (D:3)
  An endoplasm (D:3)
  2 goblins (D:1)
  2 hobgoblins
  A quokka (D:3)
  3 ball pythons
  3 rats (D:1)
15 creatures vanquished.

Notes
Turn   | Place    | Note
-------+----------+-------------------------------------------
     0 | D:1      | Zeld the Tengu Air Elementalist began the quest for the
                  | Orb.
     0 | D:1      | Reached XP level 1. HP: 10/10 MP: 4/4
   310 | D:1      | Reached XP level 2. HP: 15/15 MP: 3/6
   314 | D:1      | Learned a level 2 spell: Static Discharge
   534 | D:3      | Found a runed translucent gate.
   580 | D:3      | Found a runed translucent gate.
   581 | D:3      | Found a runed translucent gate.
   602 | D:3      | Noticed CG001's ghost (amateur DrBe)
   877 | D:3      | Found Woceh's Magic Scroll Emporium.
   936 | D:4      | Found a sand-covered staircase.
   946 | Ossuary  | Entered an ossuary
   977 | Ossuary  | Reached XP level 3. HP: 16/19 MP: 0/7
  1003 | Ossuary  | Learned a level 3 spell: Swiftness
  1293 | Ossuary  | Gained mutation: You are dopey. (Int -2) [potion of
                  | mutation]
  1293 | Ossuary  | Gained mutation: Your skin changes colour to match your
                  | surroundings (Stealth+). [potion of mutation]
  1294 | Ossuary  | Mangled by a mummy

Illustrated notes

Levels and vault maps discovered:
D:1:      dpeg_arrival_houses_and_road, layout_basic
D:2:      layout_basic, dreamdust_ecumenical_altar_hidden_monk_grotto
D:3:      minmay_goblin_kobold_castle, layout_rooms, gammafunk_ghost_split,
          serial_shops, nicolae_square_shop
D:4:      layout_layer_cave, lemuel_tele_altar, chequers_ossuary_entry_cave,
          guppyfry_early_orc_mine
Ossuary:  ossuary_crypta

Skill      XL: |  1  2 |
---------------+-------+-----
Conjurations   | 2 |  2.3
Dodging        | |  2.1
Stealth        | |  2.0
Spellcasting   | |  2.7
Air Magic      | |  4.9

Action                   || total
-------------------------++-------
Melee: Unarmed           ||    10
       Peck              ||     1
       Kick              ||     3
 Cast: Shock             ||    29
       Static Discharge  ||     5
  Use: Potion            ||     1
Armor: Robe              ||     1
Dodge: Dodged            ||    12
